 Dungeon Crawl Stone Soup version 0.19-a0-706-g03de5d9 (webtiles) character file.

88 sugabear the Slasher (level 4, -3/23 HPs)
             Began as a Vine Stalker Gladiator on June 19, 2016.
             Slain by an orc
             ... wielding a +0 war axe
              (7 damage)
             ... on level 2 of the Dungeon on June 20, 2016.
             The game lasted 00:02:17 (2048 turns).

sugabear the Slasher (Vine Stalker Gladiator)       Turns: 2048, Time: 00:02:17

Health: -3/23      AC:  4    Str: 18    XL:     4   Next: 53%
Magic:  0/5        EV: 12    Int:  8    God:
Gold:   83         SH:  4    Dex: 15    Spells: 0 memorised, 3 levels left

rFire  . . .     SeeInvis .     a - +0 long sword
rCold  . . .     Gourm    .     b - +0 leather armour
rNeg   . . .     Faith    .     l - +0 buckler
rPois  .         Spirit   +     c - +0 helmet
rElec  .         Dismiss  .     (no cloak)
rCorr  .         Reflect  .     (no gloves)
SustAt .         Harm     .     (no boots)
MR     .....                    (no amulet)
Stlth  +.........               (no ring)
                                (no ring)

@: not resistant to hostile enchantments, very unstealthy
A: fangs 2, regeneration 1, magic shield, antimagic bite, no device heal 3, rot
immunity
a: no special abilities


You were on level 2 of the Dungeon.
You were hungry.

You visited 1 branch of the dungeon, and saw 3 of its levels.

You collected 83 gold pieces.

Inventory:

Hand Weapons
 a - a +0 long sword (weapon)
Missiles
 d - 3 throwing nets (quivered)
Armour
 b - a +0 leather armour (worn)
 c - a +0 helmet (worn)
 l - a +0 buckler (worn)
Jewellery
 i - an uncursed ring of protection from cold {unknown}
Wands
 q - a wand of polymorph (8/24)
Scrolls
 h - 3 scrolls of identify {unknown}
 k - 2 scrolls of blinking {unknown}
 o - a scroll of teleportation {unknown}
 p - a scroll of random uselessness {unknown}
 s - a scroll of recharging {unknown}
Potions
 e - a potion of flight {unknown}
 j - 3 potions of heal wounds {unknown}
 n - a potion of mutation {unknown}
 u - a potion of curing {unknown}
Books
 r - a Necronomicon

   Spells                             Type                      Level
   a - Haunt                          Necromancy/Summoning         7
   b - Borgnjor's Revivification      Necromancy                   8
   c - Death's Door                   Charms/Necromancy            8
   d - Necromutation                  Transmutation/Necromancy     8
Comestibles
 f - 2 bread rations
 g - a meat ration
 m - a beef jerky


   Skills:
 + Level 2.2 Fighting
 + Level 3.4 Long Blades
 + Level 1.8 Throwing
 + Level 0.8 Armour
 + Level 3.1 Dodging
 + Level 0.3 Stealth
 + Level 0.5 Shields


You had 3 spell levels left.
You didn't know any spells.

Dungeon Overview and Level Annotations

Branches:
Dungeon (3/15)

Altars:
Hepliaklqana
Pakellas
Qazlal
Ru


Innate Abilities, Weirdness & Mutations

You have extremely sharp teeth.
Your natural rate of healing is unusually fast.
When hurt, damage is shared between your health and your magic reserves.
Your bite disrupts and absorbs the magic of your enemies.
Potions and wands cannot restore your health.
You are immune to rotting.


Message History

There is a stone staircase leading up here.
The orc hits you with a war axe!
You climb upwards.
There is a stone staircase leading down here.
You closely miss the orc. Your bite misses the orc.
The orc hits you with a war axe!
* * * LOW HITPOINT WARNING * * *
You are too injured to fight recklessly!
You are too injured to fight recklessly!
You are too injured to fight recklessly!
You closely miss the orc. You bite the orc, but do no damage.
The orc closely misses you.
You hit the orc. Your bite misses the orc.
The orc is heavily wounded.
The orc hits you with a war axe.
* * * LOW HITPOINT WARNING * * *
You closely miss the orc. You bite the orc, but do no damage.
The orc is heavily wounded.
The orc hits you with a war axe!
You die...

.#### ....# ....#
....# ....# ....#
##### ######## ....#
#...# #......#
<#.####...###..o...#
................@..#
##.####....#########
##.# #...........#
##.###...........#
.#...'...........#
...###..........(#
.### #...........#
## #...........# #
#...........#


You could see an orc.

Vanquished Creatures
  An orc wizard (D:3)
  An ooze (D:1)
  A dart slug (D:1)
  An orc (D:3)
  A giant cockroach (D:2)
  3 goblins
  10 hobgoblins
  8 jackals
  8 bats
  3 giant newts
  6 kobolds
  7 rats
50 creatures vanquished.

Notes
Turn   | Place    | Note
--------------------------------------------------------------
     0 | D:1      | sugabear the Vine Stalker Gladiator began the quest for the Orb.
     0 | D:1      | Reached XP level 1. HP: 11/11 MP: 2/2
   188 | D:1      | Reached XP level 2. HP: 14/15 MP: 3/3
   642 | D:1      | Reached XP level 3. HP: 18/18 MP: 4/4
  1204 | D:2      | Found an oddly glowing altar of Pakellas.
  1270 | D:2      | Found a sacrificial altar of Ru.
  1343 | D:2      | Found a hazy altar of Hepliaklqana.
  1647 | D:2      | Found a stormy altar of Qazlal.
  1649 | D:2      | Noticed an air elemental
  1649 | D:2      | Noticed a water elemental
  1650 | D:2      | Noticed an earth elemental
  1650 | D:2      | Noticed a fire elemental
  1806 | D:2      | Reached XP level 4. HP: 23/23 MP: 5/5
  2048 | D:2      | Slain by an orc

Vault maps used:
D:1:      wheals_arrival_linesprint, kennysheep_flooded_box, minmay_cut_off
D:2:      nicolae_qazlal_style_of_elements, lemuel_round_altar,
          nicolae_ru_awakened_eye, old_standard_altar
D:3:      first_bread

Skill      XL: |  1  2  3  4 |
---------------+-------------+-----
Fighting       | 2 |  2.2
Long Blades    | 3 |  3.4
Dodging        | 3 |  3.1
Throwing       | |  1.8
Armour         | |  0.8
Stealth        | |  0.3
Shields        | |  0.5

Action                   |  1- 3 |  4- 6 || total
-------------------------+-------+-------++-------
Melee: Long sword        |   141 |    27 ||   168
       Bite              |    29 |    11 ||    40
  Eat: Chunk             |     2 |     1 ||     3
Armor: Leather armour    |    57 |     6 ||    63
Dodge: Dodged            |   116 |    19 ||   135
Block: Buckler           |    19 |     1 ||    20
